 Dungeon Crawl Stone Soup version 0.26-a0-808-g930a2b7adc (webtiles) character file.

Game seed: 11602159699766164893

105 ANON1729 the Cudgeller (level 4, -1/40 HPs)
             Began as a Deep Dwarf Wanderer on Nov 12, 2020.
             Killed by divine providence
             ... invoked by an orc priest
              (14 damage)
             ... on level 4 of the Dungeon.
             The game lasted 00:02:14 (971 turns).

ANON1729 the Cudgeller (Deep Dwarf Wanderer)         Turns: 971, Time: 00:02:15

Health: -1/40      AC:  7    Str: 14    XL:     4   Next: 53%
Magic:  4/4        EV: 10    Int: 15    God:
Gold:   82         SH:  0    Dex: 12    Spells: 3/3 levels left

rFire    . . .     SeeInvis .   a - +2 mace
rCold    . . .     Faith    .   (no shield)
rNeg     . . .     Spirit   .   b - +0 ring mail
rPois    .         Reflect  .   (no helmet)
rElec    .         Harm     .   (no cloak)
rCorr    .         Rampage  .   g - +0 pair of gloves
MR       .....                  (no boots)
Stlth    +.........             (no amulet)
HPRegen  0.00/turn              (no ring)
MPRegen  0.09/turn              (no ring)

@: non-regenerating
A: damage resistance, heal wounds, sense surroundings 1, no regeneration
a: Heal Wounds


You were on level 4 of the Dungeon.
You visited 1 branch of the dungeon, and saw 3 of its levels.

You collected 82 gold pieces.

Inventory:

Hand Weapons
 a - a +2 mace (weapon)
 c - a +0 hand axe
Missiles
 i - 3 stones (quivered)
 l - 2 javelins
Armour
 b - a +0 ring mail (worn)
 g - a +0 pair of gloves (worn)
Jewellery
 h - a cursed ring of attention {unknown}
Scrolls
 d - a scroll of fear {unknown}
 e - a scroll of identify {unknown}
 j - a scroll of remove curse {unknown}
 m - a scroll of noise {unknown}
 n - a scroll of blinking {unknown}
Potions
 f - a potion of magic {unknown}
 k - a potion of mutation {unknown}


   Skills:
 + Level 2.5 Fighting
 - Level 1.1(3.3) Axes
 + Level 4.5(4.6) Maces & Flails
 - Level 1.0 Throwing
 + Level 3.7 Armour
 - Level 1.2 Stealth


You had 3 spell levels left.
You didn't know any spells.
Your spell library was empty.

Dungeon Overview and Level Annotations

Branches:
Dungeon (2/15)

Altars:

Shops:
D:4 }


Innate Abilities, Weirdness & Mutations

You are resistant to damage.
You can heal yourself by infusing magical energy.
You passively map a small area around you.
You do not regenerate.


Message History

Okay, then.
You barely miss the orc. The orc barely misses you.
You hit the orc.
The orc is almost dead.
The orc barely misses you. The orc hits you but does no damage.
You closely miss the orc.
The orc is almost dead.
The orc hits you but does no damage.
You completely miss the orc.
The orc is almost dead.
The orc hits you but does no damage.
You closely miss the orc.
The orc is almost dead.
The orc hits you but does no damage.
You closely miss the orc.
The orc is almost dead.
The orc barely misses you.
The orc priest invokes the aid of Beogh against you.
Beogh smites you!
You die...

* , , *### *
, ,, ..# * *
, , #.#* **
.o. , #o#
#o# *,* #,
#@# #.*
####.# *, *
.### #....#
* , ..#
#.#### , #.#
#.# * * #,*
#.####.# ,
#.###......#
#......#####
* * *
####.#.#


You could see an orc priest and 2 orcs.

Vanquished Creatures
  An orc wizard (D:4)
  2 worker ants (D:4)
  A dart slug (D:1)
  2 leopard geckos (D:1)
  2 orcs (D:4)
  A giant cockroach (D:1)
  3 goblins
  A hobgoblin (D:2)
  2 jackals (D:1)
  4 bats
  A frilled lizard (D:1)
  4 kobolds (D:2)
  2 rats (D:1)
26 creatures vanquished.

Notes
Turn   | Place    | Note
-------+----------+-------------------------------------------
     0 | D:1      | ANON1729 the Deep Dwarf Wanderer began the quest for the
                  | Orb.
     0 | D:1      | ANON1729 set off with the following items: a +2 mace, a +0
                  | ring mail, a +0 hand axe
     0 | D:1      | Reached XP level 1. HP: 18/18 MP: 1/1
   220 | D:1      | Reached XP level 2. HP: 23/25 MP: 2/2
   820 | D:2      | You fall into a shaft and drop 2 floors!
   834 | D:4      | Reached XP level 3. HP: 6/32 MP: 3/3
   854 | D:4      | Reached XP level 4. HP: 36/40 MP: 4/4
   907 | D:4      | Found Cioto's Gadget Emporium.
   971 | D:4      | Killed from afar by an orc priest

Illustrated notes

Levels and vault maps discovered:
D:1:      wheals_arrival_linesprint, layout_loops_ring
D:2:      layout_loops_cross, gammafunk_temple_overflow_statue,
          minmay_misc_feat_room
D:4:      layout_loops_ring, serial_shops, shop

Skill      XL: |  1  2 |
---------------+-------+-----
Armour         | 3 |  3.7
Fighting       | 2 |  2.5
Axes           | |  1.1
Maces & Flails | |  4.5
Throwing       | |  1.0
Stealth        | |  1.2

Action                   |  1- 3 |  4- 6 || total
-------------------------+-------+-------++-------
Melee: Mace              |    94 |    28 ||   122
Throw: Stone             |     4 |       ||     4
 Abil: Heal Wounds       |     1 |       ||     1
Armor: Ring mail         |    64 |    12 ||    76
Dodge: Dodged            |    74 |     8 ||    82

Table legend: (Time is in decaauts)
 A = Elapsed time spent in this place.
 B = Non-inter-level travel time spent in this place.
 C = Inter-level travel time spent in this place.
 D = Time resting spent in this place.
 E = Time spent auto-exploring this place.
 F = Levels seen in this place.
 G = Mean time per level.
                   A        B        C        D        E       F      G
               +--------+--------+--------+--------+--------+-----+--------+
         Total |    993 |    940 |     53 |      0 |    700 |   3 |  331.0 |
       Dungeon |    993 |    940 |     53 |      0 |    700 |   3 |  331.0 |
               +--------+--------+--------+--------+--------+-----+--------+

Top non-repeatable levels by time:
     D:1: 717 daAuts
     D:4: 158 daAuts
     D:2: 118 daAuts
